 Dungeon Crawl Stone Soup version 0.31.0-9-g3a7656b989 (webtiles) character file.

Game seed: 850508501559426342

519 qw the Skirmisher (level 7, -1/40 HPs)
             Began as a Deep Elf Hunter on Feb 3, 2024.
             Succumbed to an orc's poison
             ... on level 5 of the Dungeon.
             The game lasted 00:01:10 (4124 turns).

qw the Skirmisher (Deep Elf Hunter)                 Turns: 4124, Time: 00:01:11

Health: -1/40      AC:  7    Str: 10    XL:     7   Next: 1%
Magic:  9/9        EV: 11    Int: 14    God:
Gold:   116        SH:  0    Dex: 18    Spells: 6/6 levels left

rFire   . . .        a - +3 shortbow
rCold   . . .        (shield currently unavailable)
rNeg    + . .        d - +0 ring mail
rPois   .            (no helmet)
rElec   .            i - +0 cloak
rCorr   .            (no gloves)
SInv    .            h - +0 pair of boots
Will    .....        (no amulet)
Stlth   +            j - ring of positive energy
HPRegen 0.26/turn    (no ring)
MPRegen 0.11/turn

%: no passive effects
@: lethally poisoned (-1 -> -26)
A: no striking features
a: no special abilities


You were on level 5 of the Dungeon.
You visited 2 branches of the dungeon, and saw 6 of its levels.

You collected 116 gold pieces.


   Skills:
 - Level 2.4 Fighting
 - Level 10.0 Ranged Weapons
 - Level 1.6 Armour
 + Level 2.9 Dodging
 - Level 1.2 Stealth


You had 6 spell levels left.
You didn't know any spells.
Your spell library was empty.

Inventory:

Hand Weapons
 a - a +3 shortbow (weapon)
Armour
 d - a +0 ring mail (worn)
 h - a +0 pair of boots (worn)
 i - a +0 cloak (worn)
Jewellery
 j - a ring of positive energy (left hand)
Wands
 p - a wand of flame (51)
Scrolls
 e - a scroll of silence {unknown}
Potions
 b - a potion of cancellation
 c - a potion of might
 f - a potion of enlightenment
 g - a potion of degeneration {unknown}
 k - 2 potions of curing
 l - a potion of haste {unknown}
 m - a potion of berserk rage {unknown}
 n - a potion of magic {unknown}

Dungeon Overview and Level Annotations

Branches:
Dungeon (5/15)             Temple (1/1) D:5

Altars:
Ashenzari
Elyvilon
Fedhas
Gozag
Hepliaklqana
Kikubaaqudgha
Makhleb
Nemelex Xobeh
Ru
Sif Muna
Trog
Xom
Yredelemnul
The Shining One

Annotations:
D:3 1 runed translucent door, Crazy Yiuf


Message History

You are poisoned.
You shoot an arrow.
The arrow closely misses the orc priest.
You feel very sick. The orc priest closely misses you.
The orc splashes around in the water.
The orc closely misses you. The orc priest closely misses you.
You shoot an arrow. The arrow hits the orc priest.
You kill the orc priest!
You feel very sick. The orc completely misses you. x2
You have reached level 7!
You shoot an arrow. The arrow barely misses the orc.
The arrow closely misses the scorpion.
You feel sick.
The orc hits you from afar with a +0 trident.
The orc barely misses you.
You shoot an arrow. The arrow hits the scorpion.
The scorpion is moderately wounded.
You feel sick. The scorpion closely misses you.
The orc splashes around in the water.
The orc misses you.
You shoot an arrow. The arrow closely misses the scorpion.
You feel sick. The scorpion closely misses you. The orc misses you.
The orc hits you with a +1 short sword of venom.
You are more poisoned.
The scorpion misses you.
You shoot an arrow. The arrow hits the scorpion!
The scorpion is almost dead.
You feel very sick.
The orc splashes around in the water.
The orc hits you with a +1 short sword of venom.
You are more poisoned.
The scorpion stings you but does no damage.
You shoot an arrow. The arrow barely misses the scorpion.
You feel very sick. The orc closely misses you.
The orc hits you with a +1 short sword of venom.
You are more poisoned.
The scorpion stings you but does no damage.
You shoot an arrow. The arrow barely misses the scorpion.
You die...

~~.. .
~~P7.#.
.~.~)..##
......#.##
.........#
.~~~7...#
7~o#os##
##)@..#
##.....##
#.......#
#....(..#
#.......#
##......#
#####
###...##
#...#####
##.##
#._.##..#####
##..#


You could see a scorpion and 2 orcs.

Vanquished Creatures
  Blork the orc (D:4)
  A scorpion (D:4)
  A bombardier beetle (D:4)
  2 orc priests
  Natasha (D:3)
  Ijyb (D:5)
  Terence (D:3)
  3 gnolls (D:2)
  4 adders
  2 dart slugs
  A ribbon worm (D:2)
  6 orcs
  16 endoplasms
  3 giant cockroaches
  6 goblins
  7 hobgoblins
  3 jackals (D:2)
  3 kobolds
  2 quokkas
  12 ball pythons
  6 bats
  2 frilled lizards
  2 rats
86 creatures vanquished.

Vanquished Creatures (others)
  5 dream sheep (D:4)
5 creatures vanquished.

Grand Total: 91 creatures vanquished

Notes
Turn   | Place    | Note
-------+----------+-------------------------------------------
     0 | D:1      | qw the Deep Elf Hunter began the quest for the Orb.
     0 | D:1      | Reached XP level 1. HP: 12/12 MP: 3/3
     0 | D:1      | 0 ||| qw: Version: 0.3-a-155-g5e7d8dd
     0 | D:1      | 0 ||| qw: Game counter: 3029
     0 | D:1      | 0 ||| qw: Melee chars always use a shield: true
     0 | D:1      | 0 ||| qw: God list: Okawaru
     0 | D:1      | 0 ||| qw: Allow faded altars: false
     0 | D:1      | 0 ||| qw: Do Orc after clearing Dungeon:15 true
     0 | D:1      | 0 ||| qw: Do second Lair branch before Depths: true
     0 | D:1      | 0 ||| qw: Lair rune preference: random
     0 | D:1      | 0 ||| qw: Goals: Normal
     0 | D:1      | 0 ||| PLANNING D:1-11
   130 | D:1      | Reached XP level 2. HP: 16/16 MP: 4/4
   133 | D:1      | Reached skill level 6 in Ranged Weapons
   446 | D:1      | Reached XP level 3. HP: 20/20 MP: 5/5
   489 | D:1      | 489 ||| UPGRADING to +0 ring mail.
   499 | D:1      | 499 ||| DROPPING +0 leather armour.
   500 | D:1      | 500 ||| UPGRADING to +0 cloak.
   505 | D:1      | 505 ||| READING scroll labelled GEOTOSMIGGI.
   541 | D:1      | 541 ||| READING scroll labelled YSA APONOGER.
   642 | D:1      | 642 ||| READING scroll labelled LEEDEEBLOU.
   643 | D:1      | 643 ||| READING scroll labelled CEPA MESOUNOA.
   644 | D:1      | 644 ||| READING scroll labelled HEYLOE HALY.
   644 | D:1      | 644 ||| IDENTIFYING bubbling blue potion
   645 | D:1      | 645 ||| DRINKING 2 black potions.
   646 | D:1      | 646 ||| DROPPING scroll of butterflies.
   647 | D:1      | 647 ||| DROPPING potion of ambrosia.
   785 | D:2      | Reached skill level 7 in Ranged Weapons
   806 | D:2      | 806 ||| FLEEEEING.
   807 | D:2      | 807 ||| FLEEEEING.
   808 | D:2      | 808 ||| FLEEEEING.
   809 | D:2      | 809 ||| FLEEEEING.
   810 | D:2      | 810 ||| FLEEEEING.
   811 | D:2      | 811 ||| FLEEEEING.
   812 | D:2      | 812 ||| FLEEEEING.
   813 | D:2      | 813 ||| FLEEEEING.
   814 | D:2      | 814 ||| FLEEEEING.
   815 | D:2      | 815 ||| FLEEEEING.
   816 | D:2      | 816 ||| FLEEEEING.
   854 | D:2      | Reached XP level 4. HP: 12/22 MP: 6/6
  1580 | D:2      | 1580 ||| UPGRADING to +0 pair of boots.
  1585 | D:2      | 1585 ||| UPGRADING to ring of positive energy.
  1586 | D:2      | 1586 ||| READING scroll of identify.
  1586 | D:2      | 1586 ||| IDENTIFYING bubbling silvery potion
  1587 | D:2      | 1587 ||| READING 2 scrolls labelled IWITHY LEADAPASAY.
  1588 | D:2      | 1588 ||| READING scroll labelled YMYMOGRODGHI.
  1589 | D:2      | 1589 ||| READING scroll labelled AGORGH SIVVAQ.
  1592 | D:2      | 1592 ||| DRINKING 3 fizzy golden potions.
  1593 | D:2      | 1593 ||| DROPPING scroll of immolation.
  1594 | D:2      | 1594 ||| DROPPING potion of lignification.
  1595 | D:2      | 1595 ||| DROPPING 2 potions of brilliance.
  1629 | D:3      | Found a faded altar of an unknown god.
  1639 | D:3      | Noticed Natasha
  1648 | D:3      | Killed Natasha
  1649 | D:3      | Reached skill level 8 in Ranged Weapons
  1684 | D:3      | 1684 ||| FLEEEEING.
  1685 | D:3      | 1685 ||| FLEEEEING.
  1700 | D:3      | 1700 ||| FLEEEEING.
  1760 | D:3      | Reached XP level 5. HP: 29/29 MP: 7/7
  1809 | D:3      | Noticed Terence
  1816 | D:3      | Killed Terence
  1910 | D:3      | Found a runed translucent door.
  1911 | D:3      | Noticed Crazy Yiuf
  2137 | D:3      | Found a sacrificial altar of Ru.
  2568 | D:3      | 2568 ||| DROPPING amulet of magic regeneration.
  2569 | D:3      | 2569 ||| READING scroll of identify.
  2569 | D:3      | 2569 ||| IDENTIFYING glowing green potion
  2570 | D:3      | 2570 ||| READING 3 scrolls labelled ANIZXAU YVAOME.
  2570 | D:3      | 2570 ||| ENCHANTING +0 shortbow.
  2571 | D:3      | 2571 ||| READING 2 scrolls of enchant weapon.
  2571 | D:3      | 2571 ||| ENCHANTING +1 shortbow.
  2572 | D:3      | 2572 ||| READING scroll of enchant weapon.
  2572 | D:3      | 2572 ||| ENCHANTING +2 shortbow.
  2573 | D:3      | 2573 ||| DROPPING potion of invisibility.
  2609 | D:4      | 2609 ||| STAIRDANCE
  2611 | D:3      | HP: 5/29 [orc/+0 flail (7)]
  2720 | D:4      | 2720 ||| STAIRDANCE
  2748 | D:4      | 2748 ||| STAIRDANCE
  2768 | D:4      | 2768 ||| STAIRDANCE
  2810 | D:4      | Reached skill level 9 in Ranged Weapons
  2823 | D:4      | Reached XP level 6. HP: 34/36 MP: 8/8
  3216 | D:4      | Noticed a dream sheep
  3216 | D:4      | Noticed a dream sheep
  3216 | D:4      | Noticed a dream sheep
  3216 | D:4      | Noticed a dream sheep
  3216 | D:4      | Noticed a dream sheep
  3216 | D:4      | Found a shimmering altar of Xom.
  3217 | D:4      | Killed a dream sheep
  3217 | D:4      | Killed a dream sheep
  3217 | D:4      | Killed a dream sheep
  3217 | D:4      | Killed a dream sheep
  3217 | D:4      | Killed a dream sheep
  3218 | D:4      | Reached skill level 1 in Armour
  3577 | D:4      | Noticed Blork the orc
  3581 | D:4      | Killed Blork the orc
  3935 | D:4      | 3935 ||| READING scroll of identify.
  3935 | D:4      | 3935 ||| IDENTIFYING amethyst potion
  3936 | D:4      | 3936 ||| READING scroll labelled BOUPHUHUAFF.
  3937 | D:4      | 3937 ||| DRINKING 2 yellow potions.
  3938 | D:4      | 3938 ||| DRINKING 2 pink potions.
  3954 | D:5      | Entered Level 5 of the Dungeon
  3960 | D:5      | Found a staircase to the Ecumenical Temple.
  3961 | D:5      | 3961 ||| PLANNING TEMPLE
  3969 | Temple   | Entered the Ecumenical Temple
  3970 | Temple   | 3970 ||| PLANNING D:1-11
  3987 | D:5      | Noticed Ijyb
  3988 | D:5      | 3988 ||| FLEEEEING.
  3989 | D:5      | 3989 ||| STAIRDANCE
  4034 | D:5      | Killed Ijyb
  4035 | D:5      | Reached skill level 10 in Ranged Weapons
  4065 | D:5      | Found a bloodstained altar of Trog.
  4119 | D:5      | Reached XP level 7. HP: 29/40 MP: 9/9
  4122 | D:5      | HP: 9/40 [orc/+1 short sword of venom (5)]
  4123 | D:5      | HP: 4/40 [orc/+1 short sword of venom (1)]
  4124 | D:5      | Succumbed to an orc's poison

Levels and vault maps discovered:
D:1:      mrwooster_arrival_arrow, layout_rooms, serial_curves, eino_curves_02,
          eino_curves_03, eino_curves_04, minmay_heptomino_w4
D:2:      layout_loops_corners, kennysheep_boxes
D:3:      layout_basic, nicolae_ru_sacrificial_ziggurat,
          ebering_ecumenical_altar_abandoned, uniq_crazy_yiuf_cottage,
          uniq_terence, uniq_natasha
D:4:      layout_layer_cave, kb_xom_exploding_sheep, serial_bayou_pond_a,
          dreamdust_princess_corridor, uniq_blork_the_orc
D:5:      layout_cave_pods, lemuel_crystal_altar, trog_book,
          minmay_temple_entry_stoned_glass, serial_shops,
          nicolae_take_the_stairs, serial_bayou, serial_bayou_pond_b,
          serial_bayou_pond_a, serial_bayou_ford_a, serial_bayou_pond_e,
          pf_guarded_unrand_delatra, uniq_ijyb, uniq_eustachio
Temple:   hellmonk_temple_of_storms

Skill      XL: |  1  2  3  4  5  6 |
---------------+-------------------+-----
Ranged Weapons | 6 7 8 9 10 | 10.0
Fighting       | 2 |  2.4
Armour         | 1 |  1.6
Dodging        | |  2.9
Stealth        | |  1.2

Action                     |  1- 3 |  4- 6 |  7- 9 || total
---------------------------+-------+-------+-------++-------
   Fire: Shortbow          |    98 |   174 |     6 ||   278
    Use: Scroll            |     5 |    10 |       ||    15
         Potion            |     1 |     3 |       ||     4
 Armour: Leather armour    |     6 |       |       ||     6
         Ring mail         |    12 |    49 |     6 ||    67
  Dodge: Dodged            |    15 |    37 |     7 ||    59

Table legend:
 A = Non-vault XP
 B = Vault XP
 C = Vault XP percentage of total XP
 D = Non-vault monster count
 E = Vault monster count
 F = Vault count percentage of total count
                 A         B        C        D         E       F
            +---------+---------+-------+---------+---------+-------
      Total |     521 |     221 |  29.8 |      72 |      15 |  17.2
            +---------+---------+-------+---------+---------+-------
        D:1 |      23 |      19 |  45.2 |      14 |      11 |  44.0
        D:2 |      91 |       0 |   0.0 |      23 |       0 |   0.0
        D:3 |      60 |      68 |  53.1 |      17 |       2 |  10.5
        D:4 |     300 |      99 |  24.8 |      15 |       1 |   6.2
        D:5 |      47 |      35 |  42.7 |       3 |       1 |  25.0
            +---------+---------+-------+---------+---------+-------
